 Dungeon Crawl Stone Soup version 0.17.1-3-g152610e (webtiles) character file.

86 Gargoyl the Skirmisher (level 4, -5/35 HPs)
             Began as a Demonspawn Abyssal Knight on Mar 28, 2016.
             Was a Believer of Lugonu.
             Slain by a gnoll
             ... wielding a +0 halberd
              (6 damage)
             ... on level 2 of the Dungeon.
             The game lasted 00:06:27 (2023 turns).

Gargoyl the Skirmisher (Demonspawn Abyssal Knight)  Turns: 2023, Time: 00:06:27

Health: -5/35      AC: 11    Str: 13    XL:     4   Next: 26%
Magic:  6/6        EV:  3    Int: 15    God:    Lugonu [**....]
Gold:   93         SH:  9    Dex: 13    Spells: 0 memorised, 3 levels left

rFire  . . .     SeeInvis .     a - +1 hand axe
rCold  + . .     Clarity  .     j - +0 chain mail
rNeg   . . .     SustAt   .     g - +0 shield
rPois  .         Gourm    .     (no helmet)
rElec  .         Spirit   .     (no cloak)
rCorr  .         Warding  .     k - +0 pair of gloves
rMut   .         Stasis   .     (no boots)
MR     .....                    (no amulet)
Stlth  ..........               (no ring)
                                d - +2 ring of intelligence

@: not resistant to hostile enchantments, extremely unstealthy
A: large bone plates 1, cold resistance 1
a: Depart the Abyss, Bend Space, Renounce Religion


You were on level 2 of the Dungeon.
You worshipped Lugonu.
Lugonu was pleased with you.
You were very hungry.

You visited 1 branch of the dungeon, and saw 3 of its levels.
You visited the Abyss 1 time.

You collected 93 gold pieces.

Inventory:

Hand Weapons
 a - a +1 hand axe (weapon)
Armour
 g - a +0 shield (worn)
 j - a +0 chain mail (worn)
 k - a +0 pair of gloves (worn)
Jewellery
 d - a +2 ring of intelligence (left hand)
Scrolls
 e - a scroll of amnesia
 h - 2 scrolls of identify
 l - a scroll of teleportation {unknown}
 n - a scroll of recharging {unknown}
 o - a scroll of enchant armour {unknown}
Comestibles
 c - 2 bread rations
 f - a royal jelly
 m - a beef jerky
 p - a slice of pizza


   Skills:
 + Level 3.3 Fighting
 + Level 2.5 Axes
 * Level 2.3 Armour
 + Level 2.0 Dodging
 + Level 0.2 Stealth
 + Level 0.8 Shields
 + Level 2.7 Invocations


You had 3 spell levels left.
You didn't know any spells.

Dungeon Overview and Level Annotations

Branches:
Dungeon (3/15)

Altars:
Makhleb
Okawaru

Annotations:
D:3 nils's ghost, weakling MiBe


Innate Abilities, Weirdness & Mutations

You are partially covered in large bone plates (AC +2, SH +2).
Your flesh is cold resistant.


Message History

You hit the gnoll.
The gnoll is severely wounded.
You hit the gnoll.
The gnoll is lightly wounded.
The gnoll hits you but does no damage. You block the gnoll's attack.
Unknown command.
You slash the gnoll!
You kill the gnoll!
Lugonu accepts your kill.
Your Dodging skill increases to level 2!
You hit the gnoll but do no damage.
The gnoll is lightly wounded.
The gnoll hits you with a halberd!
* * * LOW HITPOINT WARNING * * *
You closely miss the gnoll.
The gnoll is lightly wounded.
The gnoll hits you with a halberd.
* * * LOW HITPOINT WARNING * * *
The gnoll hits you from afar with a halberd.
You die...

................# #
................# #
....########....#################
.....).....'.....)...............
.###########.....##.......#######
.# #...).##.......##..... ##
###..g).##.......##.#### #
#............#'###..##.#
##########......@.....#.##......#
#.....................#.........#
#.#....##....###......#..##.##...
#.#....##....# #.........#...#...
..#....##....###.................
###....##....#.#......#...._.....
#....'.....#.#.................
###....##....#....##+#...#...#..#
.##..[.##.####.##.##.#...##.##..#


You could see a gnoll.

Vanquished Creatures
  3 gnolls (D:2)
  An ooze (D:1)
  2 giant geckos (D:2)
  A ball python (D:2)
  3 giant cockroaches
  6 hobgoblins
  2 jackals (D:2)
  6 kobolds
  A quokka (D:2)
  8 bats
  2 giant newts
  9 goblins
  8 rats
52 creatures vanquished.

Notes
Turn   | Place    | Note
--------------------------------------------------------------
     0 | Abyss:1  | Gargoyl the Demonspawn Abyssal Knight began the quest for the Orb.
     0 | Abyss:1  | Reached XP level 1. HP: 18/18 MP: 2/2
     1 | Abyss:1  | Found a corrupted altar of Lugonu.
    39 | Abyss:1  | Noticed a large abomination
    54 | Abyss:1  | Noticed a small abomination
    64 | D:1      | Escaped the Abyss
    98 | D:1      | Reached skill level 1 in Dodging
   391 | D:1      | Gained mutation: Your flesh is cold resistant. [demonic ancestry]
   391 | D:1      | Reached XP level 2. HP: 22/24 MP: 3/3
   412 | D:1      | Reached * piety under Lugonu
   840 | D:1      | Gained mutation: You are partially covered in large bone plates (AC +2, SH +2). [demonic ancestry]
   840 | D:1      | Reached XP level 3. HP: 29/29 MP: 5/5
  1033 | D:2      | Found an iron altar of Okawaru.
  1184 | D:2      | Reached ** piety under Lugonu
  1403 | D:3      | Noticed nils's ghost (weakling MiBe)
  1941 | D:2      | Found a burning altar of Makhleb.
  2014 | D:2      | Reached XP level 4. HP: 18/35 MP: 6/6
  2022 | D:2      | HP: 1/35 [gnoll/halberd (2)]
  2023 | D:2      | Slain by a gnoll

Action                   |  1- 3 |  4- 6 || total
-------------------------+-------+-------++-------
Melee: Hand axe          |   174 |     5 ||   179
Invok: Depart the Abyss  |     1 |       ||     1
  Use: Scroll            |     2 |       ||     2
       Potion            |     1 |     2 ||     3
  Eat: Chunk             |     3 |       ||     3
